 Dungeon Crawl Stone Soup version 0.20-a0-903-g7e3609c (webtiles) character file.

3330 Rrauwl the Cleaver (level 10, -16/77 HPs)
             Began as a Hill Orc Gladiator on Mar 20, 2017.
             Was an Elder of Okawaru.
             Demolished by Shimatora's ghost (22 damage)
             ... on level 7 of the Dungeon on Mar 21, 2017.
             The game lasted 00:35:18 (8062 turns).

Rrauwl the Cleaver (Hill Orc Gladiator)             Turns: 8062, Time: 00:35:19

Health: -16/77     AC:  6    Str: 18    XL:     10   Next: 2%
Magic:  0/13       EV: 12    Int: 14    God:    Okawaru [****..]
Gold:   474        SH:  0    Dex: 12    Spells: 9/9 levels left

rFire    + . .     SeeInvis .   o - +2 hand axe (elec)
rCold    . . .     Gourm    .   B - -2 ring mail (curse)
rNeg     . . .     Faith    .   (no shield)
rPois    .         Spirit   +   c - +0 helmet
rElec    .         Reflect  .   p - +0 cloak
rCorr    .         Harm     .   (no gloves)
MR       .....     Rnd*Tele +   (no boots)
Stlth    ..........             E - amulet of guardian spirit
Regen    0.3/turn               G - ring of loudness (curse)
MPRegen  0.2/turn               l - +3 ring of intelligence

@: no status effects
A: fire resistance 1, teleportitis 1
a: Heroism, Renounce Religion


You were on level 7 of the Dungeon.
You worshipped Okawaru.
Okawaru was greatly pleased with you.
You were not hungry.

You visited 2 branches of the dungeon, and saw 8 of its levels.
You also visited: Sewer.

You collected 474 gold pieces.

Inventory:

Hand Weapons
 a - a +1 war axe
 g - a +5 whip
 o - a +2 hand axe of electrocution (weapon)
 y - a +1 mace of protection
Missiles
 d - 4 throwing nets (quivered)
 h - 384 stones
 k - 163 arrows
 J - 2 tomahawks of returning
Armour
 c - a +0 helmet (worn)
 p - a +0 cloak (worn)
 s - a +0 ring mail of fire resistance
 B - a cursed -2 ring mail (worn)
Jewellery
 l - a +3 ring of intelligence (left hand)
 E - an amulet of guardian spirit (around neck)
 G - a cursed ring of loudness (right hand)
 H - an uncursed ring of ice
Wands
 f - a wand of confusion (20/48)
 i - a wand of polymorph (7/24)
 u - a wand of acid (6/15)
 F - a wand of disintegration (10/24)
Scrolls
 e - 3 scrolls of recharging
 m - 2 scrolls of identify
 n - a scroll of enchant weapon
 q - a scroll of magic mapping
 t - 2 scrolls of teleportation
 v - a scroll of amnesia
 D - 2 scrolls of fear
Potions
 b - 7 potions of flight
 x - a potion of magic
 z - a potion of lignification
 A - a potion of curing
 C - 2 potions of resistance
Books
 w - a book of Enchantments

   Spells                             Type                      Level
   a - Cause Fear                     Hexes                        4
   b - Yara's Violent Unravelling     Hexes/Transmutation          5
   c - Silence                        Hexes/Air                    5
   d - Deflect Missiles               Charms/Air                   6
   e - Discord                        Hexes                        8
Comestibles
 j - 9 meat rations
 r - 3 royal jellies
 I - 3 chunks of flesh


   Skills:
 - Level 3.0 Fighting
 + Level 13.9(14.2) Axes
 - Level 4.0(8.8) Maces & Flails
 - Level 2.0 Throwing
 - Level 4.0 Armour
 - Level 3.0 Dodging
 - Level 5.1 Invocations
 - Level 4.0 Evocations


You had 9 spell levels left.
You didn't know any spells.

Dungeon Overview and Level Annotations

Branches:
Dungeon (7/15)             Temple (1/1) D:7

Altars:
Ashenzari
Hepliaklqana
Makhleb
Okawaru
Qazlal
Ru
Wu Jian
Yredelemnul
The Shining One

Annotations:
D:7 2 runed doors, Shimatora's ghost, novice MiFi


Innate Abilities, Weirdness & Mutations

Your flesh is heat resistant. (rF+)
You are occasionally teleported next to monsters.


Message History

You hit Shimatora's ghost but do no damage.
Lightning courses through Shimatora's ghost!
Shimatora's ghost is heavily damaged.
Shimatora's ghost hits you!!
You slash Shimatora's ghost!
Shimatora's ghost is heavily damaged.
You hit Shimatora's ghost.
Shimatora's ghost is severely damaged.
Shimatora's ghost closely misses you.
You slash Shimatora's ghost!
Shimatora's ghost is severely damaged.
You hit Shimatora's ghost but do no damage.
Lightning courses through Shimatora's ghost!
Shimatora's ghost is almost destroyed.
Shimatora's ghost hits you!!
* * * LOW HITPOINT WARNING * * *
You closely miss Shimatora's ghost.
Shimatora's ghost is almost destroyed.
Shimatora's ghost hits you!!
You die...

#.##.......# #...
#..........# ####
#....W.#### #.#.##c#
#.#.##.# #######
#...##.#####......
#.####.#.....#####
#W.....#.....#####
#@##.###.....##...
##.#...#.......#.##
#..............#.##
#...........#......
#.#......#####.#.##
#.##...#.#####.#.#
#.###.##.......#.#
######........#######.#
#...........#.........#


You could see Shimatora's ghost.

Vanquished Creatures
  4 hogs (D:7)
  A human (D:7)
  Duvessa (D:4)
  4 ice beasts
  A sky beast (D:6)
  2 centaurs
  A phantom (D:6)
  4 ogres
  3 bullfrogs
  Dowan (D:4)
  A scorpion (D:5)
  2 electric eels (D:7)
  A crimson imp (D:6)
  A centaur zombie (D:6)
  4 hounds
  5 orc priests
  2 bullfrog skeletons (D:7)
  An iguana (D:3)
  8 worker ants
  4 orc wizards
  A merfolk avatar (Sewer)
  A merfolk siren (Sewer)
  A worker ant zombie (D:6)
  4 gnolls (D:6)
  13 adders
  3 river rats
  A shadow imp (D:4)
  An ooze (D:3)
  An adder skeleton (D:4)
  A worm (D:5)
  10 leopard geckos
  26 orcs
  9 bats
  4 giant cockroaches
  5 goblins
  8 hobgoblins
  6 jackals
  6 kobolds
  A quokka (D:5)
  7 ball pythons
  19 frilled lizards
  A jackal zombie (D:5)
  29 rats
  A fungus (D:4)
  A plant (D:1)
211 creatures vanquished.

Notes
Turn   | Place    | Note
-------+----------+-------------------------------------------
     0 | D:1      | Rrauwl the Hill Orc Gladiator began the quest for the Orb.
     0 | D:1      | Reached XP level 1. HP: 18/18 MP: 1/1
    92 | D:1      | Reached XP level 2. HP: 23/25 MP: 2/2
   344 | D:1      | Reached skill level 1 in Armour
   570 | D:1      | Reached XP level 3. HP: 28/30 MP: 3/3
   690 | D:2      | Gained mutation: You are weak. (Str -2) [potion of mutation]
   690 | D:2      | Gained mutation: You are covered in fur. (AC +1) [potion of mutation]
   870 | D:2      | Reached XP level 4. HP: 22/38 MP: 4/4
  1361 | D:2      | Found an iron altar of Okawaru.
  1369 | D:2      | Became a worshipper of Warmaster Okawaru
  1515 | D:3      | Reached skill level 5 in Axes
  1515 | D:3      | Reached XP level 5. HP: 42/45 MP: 5/5
  2585 | D:4      | Noticed an ogre
  2599 | D:4      | Killed an ogre
  2599 | D:4      | Reached skill level 6 in Axes
  2599 | D:4      | Reached XP level 6. HP: 47/51 MP: 6/6
  2608 | D:4      | Reached * piety under Okawaru
  2725 | D:4      | Reached skill level 7 in Axes
  3017 | D:4      | Reached skill level 1 in Maces & Flails
  3017 | D:4      | Reached XP level 7. HP: 31/57 MP: 7/7
  3284 | D:4      | Noticed Duvessa
  3285 | D:4      | Noticed Dowan
  3671 | D:4      | Killed Duvessa
  3671 | D:4      | Reached skill level 8 in Axes
  3680 | D:4      | Killed Dowan
  4043 | D:4      | Found an ornate altar of the Wu Jian Council.
  4324 | D:4      | Found a runed door.
  4329 | D:4      | Noticed Crazy Yiuf
  4330 | D:4      | Noticed Crazy Yiuf
  4330 | D:4      | Crazy Yiuf changed into Crazy Yiuf the river rat
  4335 | D:4      | Killed Crazy Yiuf the river rat
  4394 | D:5      | Entered Level 5 of the Dungeon
  4458 | D:5      | Reached ** piety under Okawaru
  4458 | D:5      | Reached skill level 9 in Axes
  4458 | D:5      | Reached XP level 8. HP: 30/63 MP: 8/8
  4695 | D:5      | Found a glowing drain.
  4699 | Sewer    | Entered a sewer
  5094 | D:5      | Lost mutation: You are weak. (Str -2) [potion of mutation]
  5094 | D:5      | Lost mutation: You are covered in fur. (AC +1) [potion of mutation]
  5094 | D:5      | Gained mutation: You are occasionally teleported next to monsters. [potion of mutation]
  5094 | D:5      | Gained mutation: Your flesh is heat resistant. (rF+) [potion of mutation]
  5162 | D:5      | Reached skill level 10 in Axes
  5513 | D:6      | Reached skill level 11 in Axes
  5725 | D:6      | Reached skill level 12 in Axes
  5751 | D:6      | Reached XP level 9. HP: 31/69 MP: 9/9
  5936 | D:6      | Found a stormy altar of Qazlal.
  5982 | D:6      | Reached *** piety under Okawaru
  5982 | D:6      | Reached skill level 1 in Invocations
  5983 | D:6      | Reached skill level 1 in Evocations
  6411 | D:6      | Found a hazy altar of Hepliaklqana.
  6517 | D:6      | Found a burning altar of Makhleb.
  6647 | D:6      | Found a glowing golden altar of the Shining One.
  6905 | D:7      | Found a staircase to the Ecumenical Temple.
  6972 | D:7      | Noticed Shimatora's ghost (novice MiFi)
  7019 | D:7      | Found a large runed door.
  7019 | D:7      | Found a large runed door.
  7205 | Temple   | Entered the Ecumenical Temple
  7536 | D:7      | Reached skill level 13 in Axes
  7546 | D:7      | Reached **** piety under Okawaru
  7557 | D:7      | Reached skill level 5 in Invocations
  7658 | D:7      | Received a gift from Okawaru
  7833 | D:7      | Reached XP level 10. HP: 77/77 MP: 13/13
  8062 | D:7      | Demolished by Shimatora's ghost

Vault maps used:
D:1:      dpeg_arrival_rooms_a, minmay_lizard_king
D:2:      okawaru_gym_becter, guppyfry_early_orc_mine
D:4:      lemuel_coloured_pillars_altar, first_bread, minmay_misc_feat_rows,
          uniq_crazy_yiuf_cottage, uniq_duvessa
D:5:      gup_sewer_entry_bowl
D:6:      old_standard_altar, makhleb_heckhound_becter,
          nicolae_tso_swordbearing_angel, nicolae_qazlal_general_emergency
D:7:      minmay_temple_entry_overgrown, grunt_livestock,
          kennysheep_cross_bottleneck, minmay_hollow_rounded_squares
Temple:   lightli_temple_of_artemis
Sewer:    sewer_sea

Skill      XL: |  1  2  3  4  5  6  7  8  9 |
---------------+----------------------------+-----
Throwing       | 2 |  2.0
Armour         | 1 2 4 |  4.0
Fighting       | 3 |  3.0
Dodging        | 3 |  3.0
Axes           | 5 6 7 9 12 13 | 13.9
Maces & Flails | 1 4 |  4.0
Invocations    | 5 |  5.1
Evocations     | 4 |  4.0

Action                   |  1- 3 |  4- 6 |  7- 9 | 10-12 || total
-------------------------+-------+-------+-------+-------++-------
Melee: War axe           |   127 |   162 |       |       ||   289
       Whip              |       |     5 |   110 |       ||   115
       Hand axe          |       |       |   348 |    19 ||   367
Evoke: Wand              |       |       |     6 |     1 ||     7
  Use: Scroll            |     6 |     1 |    13 |       ||    20
       Potion            |     3 |     1 |     4 |     1 ||     9
  Eat: Chunk             |       |     5 |     7 |       ||    12
       Bread ration      |       |     1 |     2 |       ||     3
Armor: Leather armour    |    48 |    51 |    26 |       ||   125
       Ring mail         |       |       |    67 |       ||    67
Dodge: Dodged            |    95 |   122 |   181 |     3 ||   401
